TOP OF THE 1ST |
Bowling Green Hot Rods batting - Pitching for Cedar Rapids Kernels : LHP Bobby Molina
|
Pitching: LHP Bobby Molina
|
|
Batting: RHB Jonathan Fraire
|
0-0: Called Strike 0-1: Called Strike 0-2: Ball 1-2: Foul Ball, location: 2F 1-2: Ball 2-2: Strikes out swinging
|
Batting: RHB David Ward
|
0-0: Ball 1-0: Ball 2-0: Swinging Strike 2-1: Foul Ball, location: 2F 2-2: Strikes out looking
|
Batting: LHB Jake Rheaume
|
0-0: Ball 1-0: Called Strike 1-1: SINGLE (Line Drive, 7S, EV 98.1 MPH)
|
Batting: RHB Adam Kaeser
|
0-0: Called Strike Jake Rheaume is caught stealing 2nd base 2-4
|
Top of the 1st over - 0 runs, 1 hit, 0 errors, 0 left on base; Bowling Green 0 - Cedar Rapids 0 |
BOTTOM OF THE 1ST |
Cedar Rapids Kernels batting - Pitching for Bowling Green Hot Rods : RHP Cheng-ho Hsu
|
Pitching: RHP Cheng-ho Hsu
|
|
Batting: LHB Jim Pankratz
|
0-0: Called Strike 0-1: Swinging Strike 0-2: Strikes out swinging
|
Batting: SHB Shohei Fujii
|
0-0: Ball 1-0: Ball 2-0: Ground out U3 (Groundball, 34S, EV 83.8 MPH)
|
Batting: RHB Matt Dunn
|
0-0: DOUBLE (Flyball, 8LXD, EV 101.3 MPH)
|
Batting: RHB Mike Craver
|
0-0: Ball 1-0: Ball 2-0: Ball 3-0: Called Strike 3-1: SINGLE (Flyball, 89S, EV 85.6 MPH) Matt Dunn to third Runner from 3rd tries for Home, SAFE, throw by RF to home
|
Batting: LHB Israel Montoya
|
0-0: Ball Mike Craver is caught stealing 2nd base 2-6
|
Bottom of the 1st over - 1 run, 2 hits, 0 errors, 0 left on base; Bowling Green 0 - Cedar Rapids 1 |
TOP OF THE 2ND |
Bowling Green Hot Rods batting - Pitching for Cedar Rapids Kernels : LHP Bobby Molina
|
Batting: RHB Adam Kaeser
|
0-0: Called Strike 0-1: Ball 1-1: Called Strike 1-2: Ball 2-2: Ball 3-2: SINGLE (Flyball, 34D, EV 91.3 MPH)
|
Batting: RHB Kevin Benfield
|
0-0: Swinging Strike 0-1: Swinging Strike 0-2: Ball 1-2: Foul Ball, location: 2F 1-2: Ball 2-2: Foul Ball, location: 2F 2-2: Foul Ball, location: 2F 2-2: Foul Ball, location: 2F 2-2: Ball 3-2: Base on Balls Adam Kaeser to second
|
Batting: RHB Steve Byerly
|
0-0: Ball 1-0: TRIPLE (Line Drive, 9LD, EV 110.0 MPH) Adam Kaeser scores Kevin Benfield scores
|
Batting: LHB Mario Ocana
|
0-0: Ball 1-0: Swinging Strike 1-1: Ground out 6-3 (Groundball, P, EV 88.8 MPH) Steve Byerly scores
|
Batting: SHB Julio Hernandez
|
0-0: Swinging Strike 0-1: Called Strike 0-2: Strikes out swinging
|
Batting: RHB Evan Chalarian
|
0-0: Foul Ball, location: 2F 0-1: Called Strike 0-2: Ball 1-2: Strikes out swinging
|
Top of the 2nd over - 3 runs, 2 hits, 0 errors, 0 left on base; Bowling Green 3 - Cedar Rapids 1 |
BOTTOM OF THE 2ND |
Cedar Rapids Kernels batting - Pitching for Bowling Green Hot Rods : RHP Cheng-ho Hsu
|
Batting: LHB Israel Montoya
|
0-0: Ball 1-0: Called Strike 1-1: Ball 2-1: Ground out U3 (Groundball, 3L, EV 90.6 MPH)
|
Batting: LHB Mike Handrahan
|
0-0: Ball 1-0: Fly out, F8 (Flyball, 8LM, EV 87.5 MPH)
|
Batting: RHB Jake Wirthlin
|
0-0: Foul Ball, location: 2F 0-1: Ball 1-1: Ball 2-1: Ball 3-1: Ground out 5-3 (Groundball, 56, EV 88.8 MPH)
|
Bottom of the 2nd over - 0 runs, 0 hits, 0 errors, 0 left on base; Bowling Green 3 - Cedar Rapids 1 |
TOP OF THE 3RD |
Bowling Green Hot Rods batting - Pitching for Cedar Rapids Kernels : LHP Bobby Molina
|
Batting: RHB Jonathan Fraire
|
0-0: Ball 1-0: Foul Ball, location: 2F 1-1: Swinging Strike 1-2: Fly out, F8 (Flyball, 8RD, EV 111.9 MPH)
|
Batting: RHB David Ward
|
0-0: Ball 1-0: Ball 2-0: Called Strike 2-1: Ball 3-1: Base on Balls
|
Batting: LHB Jake Rheaume
|
0-0: Called Strike 0-1: Foul Ball, location: 2F 0-2: Ball 1-2: Ball 2-2: Ball 3-2: Grounds into double play, 6-4-3 (Groundball, 6, EV 98.8 MPH)
|
Top of the 3rd over - 0 runs, 0 hits, 0 errors, 0 left on base; Bowling Green 3 - Cedar Rapids 1 |
BOTTOM OF THE 3RD |
Cedar Rapids Kernels batting - Pitching for Bowling Green Hot Rods : RHP Cheng-ho Hsu
|
Batting: RHB Orlando Blanco
|
0-0: Called Strike 0-1: Ball 1-1: Foul Ball, location: 2F 1-2: Strikes out swinging
|
Batting: SHB Duri Chilemba
|
0-0: Ball 1-0: Ball 2-0: Called Strike 2-1: Foul Ball, location: 2F 2-2: Foul Ball, location: 2F 2-2: Ball 3-2: Ground out 5-3 (Groundball, 5L, EV 108.8 MPH)
|
Batting: LHB Jim Pankratz
|
0-0: Ball 1-0: Reached on error, E6 (Groundball, 6, EV 76.9 MPH)
|
Batting: SHB Shohei Fujii
|
0-0: Ball 1-0: Called Strike Jim Pankratz steals 2nd, throwing error, E2 Jim Pankratz to third 1-1: Foul Ball, location: 2F 1-2: Foul Ball, location: 2F 1-2: Fly out, F8 (Flyball, 8RD, EV 94.4 MPH)
|
Bottom of the 3rd over - 0 runs, 0 hits, 2 errors, 1 left on base; Bowling Green 3 - Cedar Rapids 1 |
TOP OF THE 4TH |
Bowling Green Hot Rods batting - Pitching for Cedar Rapids Kernels : LHP Bobby Molina
|
Batting: RHB Adam Kaeser
|
0-0: Ball 1-0: Ball 2-0: Ball 3-0: Base on Balls
|
Batting: RHB Kevin Benfield
|
0-0: Fly out, F7 (Flyball, 7, EV 88.8 MPH)
|
Batting: RHB Steve Byerly
|
0-0: Swinging Strike 0-1: Ball 1-1: Ball 2-1: Ball 3-1: Base on Balls Adam Kaeser to second
|
Batting: LHB Mario Ocana
|
0-0: Foul Ball, location: 2F 0-1: Grounds into double play, 1-4-3 (Groundball, 15S, EV 66.3 MPH)
|
Top of the 4th over - 0 runs, 0 hits, 0 errors, 1 left on base; Bowling Green 3 - Cedar Rapids 1 |
BOTTOM OF THE 4TH |
Cedar Rapids Kernels batting - Pitching for Bowling Green Hot Rods : RHP Cheng-ho Hsu
|
Batting: RHB Matt Dunn
|
0-0: Ground out 6-3 (Groundball, 6, EV 81.9 MPH)
|
Batting: RHB Mike Craver
|
0-0: Fly out, F9 (Flyball, 9S, EV 85.6 MPH)
|
Batting: LHB Israel Montoya
|
0-0: Swinging Strike 0-1: Swinging Strike 0-2: Strikes out swinging
|
Bottom of the 4th over - 0 runs, 0 hits, 0 errors, 0 left on base; Bowling Green 3 - Cedar Rapids 1 |
TOP OF THE 5TH |
Bowling Green Hot Rods batting - Pitching for Cedar Rapids Kernels : LHP Bobby Molina
|
Batting: SHB Julio Hernandez
|
0-0: Foul Ball, location: 2F 0-1: Ground out 4-3 (Groundball, 34D, EV 100.6 MPH)
|
Batting: RHB Evan Chalarian
|
0-0: Ball 1-0: Ground out 4-3 (Groundball, 4, EV 88.1 MPH)
|
Batting: RHB Jonathan Fraire
|
0-0: Swinging Strike 0-1: Foul Ball, location: 2F 0-2: Ball 1-2: Foul Ball, location: 2F 1-2: Strikes out swinging
|
Top of the 5th over - 0 runs, 0 hits, 0 errors, 0 left on base; Bowling Green 3 - Cedar Rapids 1 |
BOTTOM OF THE 5TH |
Cedar Rapids Kernels batting - Pitching for Bowling Green Hot Rods : RHP Cheng-ho Hsu
|
Batting: LHB Mike Handrahan
|
0-0: Ball 1-0: SINGLE (Groundball, 4MD, EV 106.9 MPH)
|
Batting: RHB Jake Wirthlin
|
0-0: Ball 1-0: Swinging Strike 1-1: Called Strike 1-2: Strikes out swinging
|
Batting: RHB Orlando Blanco
|
0-0: Foul Ball, location: 2F 0-1: Foul Ball, location: 2F 0-2: Ball 1-2: Fielders Choice at 2nd, 4-6 (Groundball, 34, EV 88.1 MPH)
|
Batting: SHB Duri Chilemba
|
0-0: Ball 1-0: Called Strike 1-1: Ball 2-1: Swinging Strike 2-2: Strikes out swinging
|
Bottom of the 5th over - 0 runs, 1 hit, 0 errors, 1 left on base; Bowling Green 3 - Cedar Rapids 1 |
TOP OF THE 6TH |
Bowling Green Hot Rods batting - Pitching for Cedar Rapids Kernels : LHP Bobby Molina
|
Batting: RHB David Ward
|
0-0: Swinging Strike 0-1: Foul Ball, location: 2F 0-2: Ball 1-2: Strikes out looking
|
Pitching: RHP Toshiyuki Kawashima
|
|
Batting: LHB Jake Rheaume
|
0-0: Called Strike 0-1: Ball 1-1: Called Strike 1-2: Ball 2-2: Ball 3-2: Foul Ball, location: 2F 3-2: Foul Ball, location: 2F 3-2: DOUBLE (Flyball, 89D, EV 98.8 MPH)
|
Batting: RHB Adam Kaeser
|
0-0: Intentional Walk
|
Batting: RHB Kevin Benfield
|
0-0: Called Strike 0-1: DOUBLE (Line Drive, 89D, EV 108.8 MPH) Jake Rheaume scores Adam Kaeser to third
|
Batting: RHB Steve Byerly
|
0-0: Foul Ball, location: 2F 0-1: Ground out U3 (Groundball, 13, EV 80.0 MPH) Adam Kaeser scores Kevin Benfield to third
|
Batting: LHB Mario Ocana
|
0-0: Intentional Walk
|
Batting: SHB Julio Hernandez
|
0-0: Ball 1-0: Ball 2-0: Called Strike 2-1: Foul Ball, location: 2F 2-2: Strikes out swinging
|
Top of the 6th over - 2 runs, 2 hits, 0 errors, 2 left on base; Bowling Green 5 - Cedar Rapids 1 |
BOTTOM OF THE 6TH |
Cedar Rapids Kernels batting - Pitching for Bowling Green Hot Rods : RHP Cheng-ho Hsu
|
Batting: LHB Jim Pankratz
|
0-0: Called Strike 0-1: Foul Ball, location: 2F 0-2: Strikes out looking
|
Batting: SHB Shohei Fujii
|
0-0: Called Strike 0-1: Ball 1-1: Ball 2-1: Ground out 4-3 (Groundball, 4S, EV 88.8 MPH)
|
Batting: RHB Matt Dunn
|
0-0: Ball 1-0: Ball 2-0: Ball 3-0: Base on Balls
|
Batting: RHB Mike Craver
|
0-0: Called Strike Matt Dunn is caught stealing 2nd base 2-4
|
Bottom of the 6th over - 0 runs, 0 hits, 0 errors, 0 left on base; Bowling Green 5 - Cedar Rapids 1 |
TOP OF THE 7TH |
Bowling Green Hot Rods batting - Pitching for Cedar Rapids Kernels : RHP Toshiyuki Kawashima
|
Pitching: RHP Edwin Sanchez
|
|
Batting: RHB Evan Chalarian
|
0-0: TRIPLE (Line Drive, 9LD, EV 102.5 MPH)
|
Batting: RHB Jonathan Fraire
|
0-0: Ball 1-0: Called Strike 1-1: Foul Ball, location: 2F 1-2: Foul Ball, location: 2F 1-2: Ball 2-2: Ground out 4-3 (Groundball, 4, EV 85.0 MPH) Evan Chalarian scores
|
Batting: RHB David Ward
|
0-0: Ball 1-0: Called Strike 1-1: Swinging Strike 1-2: Foul Ball, location: 2F 1-2: Fly out, F8 (Flyball, 8RXD, EV 83.1 MPH)
|
Batting: LHB Jake Rheaume
|
0-0: Ball 1-0: Fly out, F7 (Flyball, 78D, EV 93.1 MPH)
|
Top of the 7th over - 1 run, 1 hit, 0 errors, 0 left on base; Bowling Green 6 - Cedar Rapids 1 |
BOTTOM OF THE 7TH |
Cedar Rapids Kernels batting - Pitching for Bowling Green Hot Rods : RHP Cheng-ho Hsu
|
Batting: RHB Mike Craver
|
0-0: Called Strike 0-1: Fly out, F9 (Line Drive, 9, EV 93.1 MPH)
|
Batting: LHB Israel Montoya
|
0-0: Called Strike 0-1: Ball 1-1: Swinging Strike 1-2: Foul Ball, location: 2F 1-2: Ball 2-2: Strikes out looking and he ARGUES THE CALL AND IS TOSSED!
|
Batting: LHB Mike Handrahan
|
0-0: Swinging Strike 0-1: Ball 1-1: Swinging Strike 1-2: Strikes out looking
|
Bottom of the 7th over - 0 runs, 0 hits, 0 errors, 0 left on base; Bowling Green 6 - Cedar Rapids 1 |
TOP OF THE 8TH |
Bowling Green Hot Rods batting - Pitching for Cedar Rapids Kernels : RHP Edwin Sanchez
|
Now in CF: Jon Avila
|
|
Batting: RHB Adam Kaeser
|
0-0: Called Strike 0-1: Swinging Strike 0-2: Ground out 4-3 (Groundball, 4, EV 104.4 MPH)
|
Batting: RHB Kevin Benfield
|
0-0: Ball 1-0: Called Strike 1-1: Swinging Strike 1-2: Ball 2-2: Ball 3-2: SINGLE (Groundball, 34D, EV 106.3 MPH)
|
Pitching: LHP Mark Challinor
|
|
Batting: RHB Steve Byerly
|
0-0: Grounds out, U3 (Groundball, 3L, EV 86.3 MPH)
|
Batting: LHB Mario Ocana
|
0-0: Ball 1-0: Ball 2-0: Ground out 1-3 (Groundball, 15S, EV 69.4 MPH)
|
Top of the 8th over - 0 runs, 1 hit, 0 errors, 1 left on base; Bowling Green 6 - Cedar Rapids 1 |
BOTTOM OF THE 8TH |
Cedar Rapids Kernels batting - Pitching for Bowling Green Hot Rods : RHP Cheng-ho Hsu
|
Batting: RHB Jake Wirthlin
|
0-0: Called Strike 0-1: Foul Ball, location: 2F 0-2: Strikes out swinging
|
Batting: RHB Orlando Blanco
|
0-0: Called Strike 0-1: Swinging Strike 0-2: Foul Ball, location: 2F 0-2: Foul Ball, location: 2F 0-2: Foul Ball, location: 2F 0-2: Strikes out swinging
|
Batting: SHB Duri Chilemba
|
0-0: Ground out U3 (Groundball, 3L, EV 83.8 MPH)
|
Bottom of the 8th over - 0 runs, 0 hits, 0 errors, 0 left on base; Bowling Green 6 - Cedar Rapids 1 |
TOP OF THE 9TH |
Bowling Green Hot Rods batting - Pitching for Cedar Rapids Kernels : LHP Mark Challinor
|
Batting: SHB Julio Hernandez
|
0-0: Called Strike 0-1: Ball 1-1: Ball 2-1: Swinging Strike 2-2: Foul Ball, location: 2F 2-2: Foul Ball, location: 2F 2-2: Strikes out swinging
|
Batting: RHB Evan Chalarian
|
0-0: Ball 1-0: Ground out 6-3 (Groundball, 6, EV 100.6 MPH)
|
Batting: RHB Jonathan Fraire
|
0-0: Called Strike 0-1: Called Strike 0-2: Strikes out swinging
|
Top of the 9th over - 0 runs, 0 hits, 0 errors, 0 left on base; Bowling Green 6 - Cedar Rapids 1 |
BOTTOM OF THE 9TH |
Cedar Rapids Kernels batting - Pitching for Bowling Green Hot Rods : RHP Cheng-ho Hsu
|
Batting: LHB Jim Pankratz
|
0-0: Ball 1-0: Ball 2-0: Ground out 5-3 (Groundball, 56, EV 78.1 MPH)
|
Batting: SHB Shohei Fujii
|
0-0: Ball 1-0: Fly out, F7 (Flyball, 7S, EV 83.8 MPH)
|
Batting: RHB Matt Dunn
|
0-0: Ball 1-0: Swinging Strike 1-1: Ball 2-1: Swinging Strike 2-2: Strikes out swinging
|
Bottom of the 9th over - 0 runs, 0 hits, 0 errors, 0 left on base; Bowling Green 6 - Cedar Rapids 1 |
|